 Dungeon Crawl Stone Soup version bcrawl-1.12-10-g10a67aac0f (webtiles) character file.

Game seed: 4121656057974358102

7829 EnegeticOcto the Cleaver (level 11, -2/95 HPs)
             Began as a Minotaur Sloth Apostle on June 13, 2019.
             Was a High Priest of Cheibriados.
             Slain by Gastronok (31 damage)
             ... on level 9 of the Dungeon.
             The game lasted 00:07:39 (8549 turns).

EnegeticOcto the Cleaver (Minotaur Sloth Apostle)   Turns: 8549, Time: 00:07:39

Health: -2/95      AC: 14    Str: 34    XL:     11   Next: 1%
Magic:  11/11      EV: 14    Int: 17    God:    Cheibriados [*****.]
Gold:   324        SH: 19    Dex: 23    Spells: 12/12 levels left

rFire    + . .     SeeInvis +   y - +0 war axe
rCold    + . .     Gourm    .   c - +0 shield
rNeg     . . .     Faith    .   v - +1 chain mail of the Pirate {+Inv Int-4 SInv Stlth+}
rPois    +         Spirit   .   (helmet restricted)
rElec    .         Reflect  +   z - scarf {rC+ rF+}
rCorr    .         Harm     .   w - +1 pair of gloves
MR       .....                  (no boots)
Stlth    +.........             x - +5 amulet of reflection
HPRegen  0.25/turn              g - +3 ring of strength
MPRegen  0.12/turn              A - ring of poison resistance

@: very slow
A: retaliatory headbutt, horns 2
a: Bend Time, Temporal Distortion, Slouch, Step From Time, Renounce Religion,
Evoke Invisibility


You were on level 9 of the Dungeon.
You worshipped Cheibriados.
Cheibriados was extremely pleased with you.
You were hungry.

You visited 1 branch of the dungeon, and saw 9 of its levels.

You collected 625 gold pieces.
You spent 301 gold pieces at shops.

Inventory:

Hand Weapons
 y - a +0 war axe (weapon)
Armour
 c - a +0 shield (worn)
 v - the +1 chain mail of the Pirate (worn) {+Inv Int-4 SInv Stlth+}
   (You found it on level 7 of the Dungeon)

   It affects your intelligence (-4).
   It lets you see invisible.
   It lets you turn invisible.
   It makes you more stealthy.
 w - a +1 pair of gloves (worn)
 z - a scarf of resistance (worn)
Jewellery
 g - a +3 ring of strength (left hand)
 l - an uncursed amulet of faith
 x - a +5 amulet of reflection (around neck)
 A - a ring of poison resistance (right hand)
Wands
 d - a wand of paralysis (8)
 f - a wand of clouds (2)
 m - a wand of scattershot (2)
 B - a wand of acid (16)
 E - a wand of flame (19)
Scrolls
 a - a scroll of immolation
 b - a scroll of magic mapping {@r5 !r}
 h - 6 scrolls of remove curse {@r2}
 i - 2 scrolls of amnesia
 k - 10 scrolls of teleportation {@r3 !r}
 o - 2 scrolls of enchant armour
 p - a scroll of fog {!r}
 q - a scroll of enchant weapon
 t - a scroll of identify {@r1}
 C - a scroll of silence {unknown}
Potions
 j - 2 potions of curing {@q1 !q}
 n - a potion of lignification {@q6}
 r - 2 potions of mutation
 s - a potion of heal wounds {@q2 !q}
 u - 2 potions of invisibility
Miscellaneous
 D - a box of beasts
Comestibles
 e - 19 rations {!d}


   Skills:
 + Level 8.6 Fighting
 * Level 11.8 Axes
 + Level 8.2 Armour
 + Level 7.5 Dodging
 - Level 2.6 Stealth
 + Level 8.7 Shields
 - Level 1.0 Spellcasting
   Level 0.5 Hexes
 - Level 0.8 Evocations


You had 12 spell levels left.
You didn't know any spells.
Your spell library was empty.

Dungeon Overview and Level Annotations

Branches:
Dungeon (9/12)             Temple (0/1) D:5            Lair (0/6) D:8
    Orc: D:8-11

Altars:
Hepliaklqana
Nemelex Xobeh
Qazlal
Trog
Wu Jian
Xom
The Shining One

Shops:
D:4 ?*   D:5 =?=[[   D:8 (

Annotations:
D:9 Gastronok


Innate Abilities, Weirdness & Mutations

You reflexively headbutt those who attack you in melee.
You have a pair of horns on your head.


Message History

You slash the kobold!
You kill the kobold!
Cheibriados thoroughly appreciates the change of pace.
You hit the orc warrior. You block the big kobold's attack.
Gastronok the Ponderous comes into view.
The orc warrior completely misses you. You furiously retaliate!
You headbutt the orc warrior.
You don't know any spells.
Unknown command.
You don't know any spells.
Things that are here:
a +0 hand axe; a +0 leather armour The orc priest calls upon Beogh to heal the orc warrior.
The orc warrior is healed somewhat.
You block the orc warrior's attack. You block the orc warrior's attack.
You block the orc warrior's attack.
You slice the orc warrior!! You headbutt the orc warrior!
You kill the orc warrior!
Cheibriados thoroughly appreciates the change of pace.
You have reached level 11!
The kobold throws a stone.
The stone barely misses you. The kobold hits you but does no damage.
Gastronok chants a spell, wobbling all the while.
The kobold closely misses you. You furiously retaliate!
You headbutt the kobold!
You kill the kobold!
Cheibriados appreciates the change of pace.
The orc priest invokes the aid of Beogh against you.
Pain shoots through your body!
Things that are here:
a +0 mace; a +0 plate armour Gastronok makes a strange noise.
Gastronok chants a spell, wobbling all the while.
Gastronok puts on a burst of speed!
You block the orc priest's attack.
Things that are here:
a +0 short sword; 2 stones You slash the orc priest!
You headbutt the orc priest.
You kill the orc priest!
Cheibriados appreciates the change of pace.
Your shield and chain mail of the Pirate prevent you from hitting the big kobold.
Your headbutt misses the big kobold.
The big kobold is almost dead.
You block the big kobold's attack.
You closely miss the big kobold. You headbutt the big kobold.
You kill the big kobold!
Cheibriados thoroughly appreciates the change of pace.
Gastronok chants a spell, wobbling all the while.
You hit the river rat. Your headbutt misses the river rat.
The river rat is lightly wounded.
You hit the river rat but do no damage. You headbutt the river rat!
The river rat is almost dead.
The river rat closely misses you. You furiously retaliate!
You headbutt the river rat!
You kill the river rat!
The river rat's corpse disappears in a puff of smoke!
The kobold throws a stone.
You reflect the stone off an invisible shield around you!
The stone barely misses the kobold.
The stone hits Gastronok but does no damage.
You block the kobold's attack.
Items here: )) [ †† a +0 dagger; a +0 falchion; a +0 leather armour; a big kobold corpse an orc corpse You hit Gastronok but do no damage.
You headbutt Gastronok.
Gastronok is lightly wounded.
You slice Gastronok!!
You headbutt Gastronok, but do no damage.
Gastronok is moderately wounded.
You hit Gastronok.
Gastronok is moderately wounded.
Gastronok bites you.
You slash Gastronok!
You headbutt Gastronok, but do no damage.
Gastronok is moderately wounded.
You hit Gastronok but do no damage.
Gastronok is moderately wounded.
Gastronok bites you!!
* * * LOW HITPOINT WARNING * * *
You are too injured to fight recklessly!
You are too injured to fight recklessly!
You are too injured to fight recklessly!
You are too injured to fight recklessly!
You are too injured to fight recklessly!
You are too injured to fight recklessly!
You are too injured to fight recklessly!
Evoke which item? (* to show all) (? for menu, Esc to quit)
Aiming: Scattershot
Press: ? - help, Shift-Dir - straight line, f - Gastronok
Aim: Gastronok, wearing a +1 hat (moderately wounded, covering ground quickly)
The burst of metal fragments hits Gastronok. x5
Gastronok is heavily wounded.
Gastronok mumbles some strange words.
Evoke which item? (* to show all) (? for menu, Esc to quit)
Aiming: Scattershot
Press: ? - help, Shift-Dir - straight line, f/p - Gastronok
Aim: Gastronok, wearing a +1 hat (heavily wounded, covering ground quickly)
The burst of metal fragments hits Gastronok. x5
Gastronok is severely wounded.
Gastronok bites you!!
You die...

##### w...# ##...#
#....# .# #.###....#
#.# #. #..((.)..#
#.# #..#######r5#
#.# #^#....)@wKb#
##.## #..###)###5.#
#...## # ..##.# #..#
.....## #.#.##.#
#...# .<....#
#.#.##.###.###
......###.._.......#
#.))....###.##.#####
##......###.##.#
#..)...)).....#


You could see Gastronok, an iron imp, an ufetubus, a bat, a kobold and a rat.

Vanquished Creatures
  A centaur warrior (D:7)
  A cyclops (D:7)
  A wolf spider (D:7)
  A centaur zombie (D:8)
  A centaur skeleton (D:8)
  A slime creature (D:7)
  A meliai zombie (D:8)
  A wyvern (D:7)
  3 yaks (D:8)
  2 basilisks (D:8)
  Menkaure (D:6)
  An acid dragon (D:7)
  3 ice beasts
  3 porcupines (D:8)
  3 orc warriors
  A black bear (D:8)
  A phantom (D:5)
  3 sky beasts
  4 wolves (D:8)
  2 ogres
  A centaur (D:8)
  A crocodile (D:8)
  A bullfrog (D:7)
  A big kobold (D:9)
  2 scorpions (D:6)
  6 killer bees (D:7)
  7 wights
  2 howler monkeys
  5 crimson imps
  4 bullfrog zombies
  A quasit (D:7)
  2 jellies
  2 bullfrog skeletons
  5 orc priests
  4 hounds
  Jessica (D:2)
  4 orc wizards
  2 iguanas
  3 worker ants
  2 worker ant zombies
  Robin (D:3)
  7 adders
  4 gnolls (D:7)
  2 howler monkey skeletons
  3 shadow imps
  2 adder skeletons
  4 worms
  A dart slug (D:4)
  4 leopard geckos
  43 orcs
  6 bats
  2 giant cockroaches
  11 goblins
  10 hobgoblins
  3 jackals (D:4)
  3 quokkas
  7 frilled lizards
  10 kobolds
  A rat (D:2)
215 creatures vanquished.

Vanquished Creatures (others)
  2 centaurs
  A hound (D:5)
  A worker ant (D:5)
  A leopard gecko (D:5)
  An orc (D:5)
  A fungus (D:8)
  2 plants (D:8)
9 creatures vanquished.

Grand Total: 224 creatures vanquished

Notes
Turn   | Place    | Note
-------+----------+-------------------------------------------
     0 | D:1      | EnegeticOcto the Minotaur Sloth Apostle began the quest for
                  | the Orb.
     0 | D:1      | Reached XP level 1. HP: 18/18 MP: 1/1
   287 | D:1      | Reached XP level 2. HP: 25/25 MP: 2/2
   710 | D:2      | Noticed Jessica
   803 | D:2      | Killed Jessica
   803 | D:2      | Reached skill level 3 in Axes
   803 | D:2      | Reached skill level 1 in Armour
   803 | D:2      | Reached skill level 1 in Dodging
   803 | D:2      | Reached XP level 3. HP: 30/30 MP: 3/3
  1118 | D:2      | Found a hazy altar of Hepliaklqana.
  1723 | D:3      | Reached XP level 4. HP: 26/38 MP: 4/4
  1927 | D:3      | Reached * piety under Cheibriados
  2063 | D:3      | Noticed Robin
  2092 | D:3      | Killed Robin
  2297 | D:3      | Reached skill level 4 in Axes
  2575 | D:3      | Found an ornate altar of the Wu Jian Council.
  2581 | D:3      | Reached XP level 5. HP: 32/45 MP: 5/5
  2667 | D:3      | Found a glowing golden altar of the Shining One.
  2696 | D:4      | Found Deyrotwa's Magic Scroll Emporium.
  2702 | D:4      | Bought a scroll of magic mapping for 49 gold pieces
  2702 | D:4      | Bought a scroll of teleportation for 42 gold pieces
  2924 | D:4      | Reached ** piety under Cheibriados
  3301 | D:4      | Found Elopuaru's Lightly-Used Armoury.
  3317 | D:4      | Reached XP level 6. HP: 45/52 MP: 6/6
  3654 | D:5      | Entered Level 5 of the Dungeon
  3667 | D:5      | Reached skill level 5 in Axes
  3872 | D:5      | Found Itruecua's Antique Armour Shop.
  3880 | D:5      | Bought a pair of embroidered gloves for 210 gold pieces
  4159 | D:5      | Reached *** piety under Cheibriados
  4159 | D:5      | Reached XP level 7. HP: 58/59 MP: 7/7
  4175 | D:5      | Found Itozosh's Magic Scroll Emporium.
  4177 | D:5      | Found Deosm's Jewellery Shop.
  4282 | D:5      | Found a shimmering altar of Xom.
  4307 | D:5      | Found Hacusser's Jewellery Boutique.
  4420 | D:5      | Reached skill level 6 in Axes
  4476 | D:5      | Found a sparkling altar of Nemelex Xobeh.
  4549 | D:5      | Found a staircase to the Ecumenical Temple.
  4636 | D:5      | Found Nosaih's Antique Armour Shop.
  4901 | D:6      | Reached skill level 5 in Shields
  5144 | D:6      | Reached skill level 5 in Fighting
  5144 | D:6      | Reached XP level 8. HP: 68/68 MP: 8/8
  5225 | D:6      | Reached skill level 7 in Axes
  5457 | D:6      | Reached **** piety under Cheibriados
  5697 | D:6      | Noticed Menkaure
  5703 | D:6      | Killed Menkaure
  5793 | D:7      | Reached skill level 5 in Armour
  5794 | D:7      | Reached skill level 8 in Axes
  6134 | D:7      | Reached skill level 5 in Dodging
  6193 | D:7      | Reached XP level 9. HP: 75/75 MP: 9/9
  6658 | D:7      | Noticed a centaur warrior
  6661 | D:7      | Noticed a wolf spider
  6663 | D:7      | Killed a centaur warrior
  6663 | D:7      | Reached skill level 9 in Axes
  6663 | D:7      | Noticed a cyclops
  6667 | D:7      | Killed a wolf spider
  6673 | D:7      | Killed a cyclops
  6673 | D:7      | Reached skill level 10 in Axes
  6678 | D:7      | Reached XP level 10. HP: 45/86 MP: 6/10
  6679 | D:7      | Reached ***** piety under Cheibriados
  6874 | D:7      | Got a transparent fustibalus
  6887 | D:7      | Got a translucent chain mail
  6898 | D:7      | Identified the +1 chain mail of the Pirate {+Inv Int-4 SInv
                  | Stlth+} (You found it on level 7 of the Dungeon)
  7456 | D:8      | Found Xionykk's Weapon Emporium.
  7513 | D:8      | Found a staircase to the Lair.
  7541 | D:8      | Reached skill level 11 in Axes
  8151 | D:8      | Found a bloodstained altar of Trog.
  8512 | D:9      | Found a stormy altar of Qazlal.
  8528 | D:9      | Noticed Gastronok
  8534 | D:9      | Reached XP level 11. HP: 72/95 MP: 11/11
  8549 | D:9      | Slain by Gastronok

Skill      XL: |  1  2  3  4  5  6  7  8  9 10 |
---------------+-------------------------------+-----
Axes           | 3 4 5 6 8 10 11 | 11.8
Armour         | 1 2 3 4 5 6 8 |  8.2
Dodging        | 1 2 3 4 5 6 7 |  7.5
Shields        | 3 4 5 6 7 8 |  8.7
Fighting       | 3 4 5 6 7 8 |  8.6
Stealth        | |  2.6
Spellcasting   | |  1.0
Hexes          | |  0.5
Evocations     | |  0.8

Action                   |  1- 3 |  4- 6 |  7- 9 | 10-12 || total
-------------------------+-------+-------+-------+-------++-------
Melee: Hand axe          |    71 |   167 |   105 |       ||   343
       Headbutt          |    11 |    31 |    60 |    51 ||   153
       War axe           |       |       |    67 |   136 ||   203
Invok: Bend Time         |       |       |     1 |       ||     1
       Slouch            |       |       |       |     1 ||     1
Evoke: Wand              |       |     3 |     1 |     2 ||     6
  Use: Scroll            |     1 |     7 |     3 |       ||    11
       Potion            |       |       |     1 |       ||     1
 Stab: Sleeping          |     3 |       |       |       ||     3
       Paralysed         |       |       |     1 |       ||     1
       Distracted        |       |       |       |     1 ||     1
  Eat: Chunk             |     4 |     3 |     1 |     3 ||    11
       Ration            |       |       |     1 |       ||     1
Armor: Robe              |     5 |       |       |       ||     5
       Scale mail        |     7 |    18 |       |       ||    25
       Chain mail        |       |    39 |    54 |    45 ||   138
Dodge: Dodged            |    15 |    42 |    61 |    47 ||   165
Block: Shield            |    29 |    94 |   171 |   145 ||   439
       Reflection        |       |       |     1 |    14 ||    15
